 Dungeon Sprint DCSS version 0.19.5 (webtiles) character file.

2900 Snowbourne the Severer (level 9, 0/133 HPs)
             Began as a Minotaur Berserker on May 12, 2017.
             Was a High Priest of Trog.
             Slain by a yaktaur captain (5 damage)
             ... in the Dungeon (Sprint II: "The Violet Keep of Menkaure").
             The game lasted 00:05:57 (593 turns).

Snowbourne the Severer (Minotaur Berserker)          Turns: 593, Time: 00:05:58

Health: 0/133      AC:  2    Str: 28    XL:     9   Next: 49%
Magic:  8/8        EV: 16    Int: 10    God:    Trog [*****.]
Gold:   40         SH:  0    Dex:  9    Spells: 0 memorised, 8 levels left

rFire  . . .     SeeInvis .     m - +2 battleaxe (elec)
rCold  . . .     Gourm    .     b - +0 animal skin
rNeg   . . .     Faith    .     (shield currently unavailable)
rPois  +         Spirit   .     (helmet restricted)
rElec  .         Reflect  .     (no cloak)
rCorr  .         Harm     .     (no gloves)
MR     .....     NoTele   +     (no boots)
Stlth  ..........               l - amulet "Hanasez" {RegenMP rPois Str-3 Int+6 Slay+4}
                                (no ring)
                                (no ring)

@: berserking (expiring), drained, very quick
A: retaliatory headbutt, horns 2
a: Berserk, Trog's Hand, Brothers in Arms, Burn Spellbooks, Renounce Religion


You were in the Dungeon.
You worshipped Trog.
Trog was extremely pleased with you.
You were not hungry.

You visited 1 branch You collected 972 gold pieces.
You spent 932 gold pieces at shops.

Inventory:

Hand Weapons
 a - a +0 hand axe
 k - the +8 broad axe of Trauma {freeze, Dex+4}
   (You bought it in a shop in the Dungeon)

   It has been specially enchanted to freeze those struck by it, causing extra
   injury to most foes and up to half again as much damage against particularly
   susceptible opponents.
   It can also slow down cold-blooded creatures.
   It affects your dexterity (+4).
 m - a +2 battleaxe of electrocution (weapon)
Armour
 b - a +0 animal skin (worn)
Jewellery
 l - the amulet "Hanasez" (around neck) {RegenMP rPois Str-3 Int+6 Slay+4}
   (You bought it in a shop in the Dungeon)

   [amulet of magic regeneration]

   It increases your magic regeneration.
   It affects your strength (-3).
   It affects your intelligence (+6).
   It affects your accuracy and damage with ranged weapons and melee attacks
   (+4).
   It protects you from poison.
Scrolls
 i - a scroll of blinking
Potions
 d - a potion of curing
 e - a potion of heal wounds
 f - a potion of haste
 g - 2 potions of magic
 h - a potion of berserk rage


   Skills:
 + Level 11.1(10.5) Fighting
 + Level 18.0(17.3) Axes
 + Level 10.8(10.2) Armour
 + Level 9.9(9.4) Dodging


You had 8 spell levels left.
You didn't know any spells.

Dungeon Overview and Level Annotations

Branches:
Dungeon (1/1)

Altars:

Shops:
D :!:=[%=?[}!(!=}(

Annotations:
D exclusion: oklob plant, Kirke


Innate Abilities, Weirdness & Mutations

You reflexively headbutt those who attack you in melee.
You have a pair of horns on your head.


Message History

Your unstable footing causes you to fumble your attack.
The kobold demonologist casts a spell.
Your unstable footing causes you to fumble your attack.
The soul eater draws from the surrounding life force!
* * * LOW HITPOINT WARNING * * *
The soul eater is healed.
Your unstable footing causes you to fumble your attack.
The soul eater barely misses you.
You barely miss the soul eater.
The soul eater is severely wounded.
You hit the soul eater.
The soul eater is severely wounded.
The soul eater barely misses you.
You slash the soul eater! Your headbutt misses the soul eater.
The soul eater is almost dead.
You slash the soul eater!
You kill the soul eater!
The yaktaur captain unwields an uncursed arbalest.
The yaktaur captain hits you.
You die...

### §§ #4cK#### ≈.§
#Yz@c@≈##≈..§
############(≈#§''#
###########≈≈≈.....§
##∩.......#≈≈≈≈.##+#
##.∩.....∩#≈≈≈≈###.###
##∩.∩...∩.#≈≈≈≈#..#..#
##.∩.∩.∩.∩#≈≈####.#.####
##..∩.∩.∩.#≈##.###'###.#
##...∩.∩..#≈#...##.##.#.#


You could see Kirke, a yaktaur captain, an elephant, a skeletal warrior, a
centaur warrior, a rust devil and a kobold demonologist.

Vanquished Creatures
  A siren (D)
  2 hippogriffs (D)
  10 flying skulls (D)
  A vampire mosquito (D)
  Menkaure (D)
  4 necrophages (D)
  4 worker ants (D)
23 creatures vanquished.

Vanquished Creatures (others)
  2 crocodiles (D)
2 creatures vanquished.

Grand Total: 25 creatures vanquished

Notes
Turn   | Place    | Note
-------+----------+-------------------------------------------
     0 | D        | Snowbourne the Minotaur Berserker began the quest for the Orb.
     0 | D        | Reached XP level 1. HP: 19/19 MP: 0/0
     1 | D        | Noticed a necrophage
     1 | D        | Noticed a necrophage
     1 | D        | Noticed a necrophage
     1 | D        | Noticed a necrophage
     5 | D        | Killed a necrophage
     5 | D        | Reached skill level 10 in Axes
     5 | D        | Reached XP level 2. HP: 26/26 MP: 1/1
     5 | D        | Reached XP level 3. HP: 31/31 MP: 2/2
     5 | D        | Reached XP level 4. HP: 39/39 MP: 3/3
     9 | D        | Killed a necrophage
     9 | D        | Reached skill level 12 in Axes
     9 | D        | Reached XP level 5. HP: 45/45 MP: 4/4
    11 | D        | Killed a necrophage
    11 | D        | Reached ** piety under Trog
    11 | D        | Reached skill level 14 in Axes
    15 | D        | Killed a necrophage
    15 | D        | Reached skill level 15 in Axes
    15 | D        | Reached XP level 6. HP: 51/51 MP: 5/5
    86 | D        | Reached *** piety under Trog
   162 | D        | Noticed a hippogriff
   162 | D        | Noticed a hippogriff
   170 | D        | Killed a hippogriff
   170 | D        | Reached skill level 5 in Fighting
   170 | D        | Reached skill level 16 in Axes
   170 | D        | Reached skill level 5 in Armour
   170 | D        | Reached XP level 7. HP: 62/62 MP: 6/6
   172 | D        | Killed a hippogriff
   172 | D        | Reached **** piety under Trog
   172 | D        | Reached skill level 5 in Dodging
   207 | D        | Noticed a siren
   213 | D        | Killed a siren
   213 | D        | Reached XP level 8. HP: 65/74 MP: 7/7
   309 | D        | Noticed an ice statue
   318 | D        | Found Xexyev's Antique Weapon Shop.
   318 | D        | Found Tuzej's Jewellery Shop.
   319 | D        | Found Ededanun's Gadget Boutique.
   319 | D        | Found Bukusom's Antique Weapon Shop.
   319 | D        | Found Vakhearu's Distillery.
   320 | D        | Found Edwat's Antique Armour Boutique.
   320 | D        | Found Wasuir Vace's Magic Scroll Shop.
   323 | D        | Noticed Menkaure
   340 | D        | Killed Menkaure
   340 | D        | Reached ***** piety under Trog
   367 | D        | Found Maig's Distillery.
   368 | D        | Found Istuupoxono's Jewellery Shop.
   368 | D        | Found Jauxe's Food Boutique.
   368 | D        | Found Vonaesm Taeg's Gadget Boutique.
   370 | D        | Found Jaudgh's Antique Armour Boutique.
   370 | D        | Found Roerphu's Jewellery Shop.
   370 | D        | Noticed a great orb of eyes
   370 | D        | Noticed an oklob plant
   371 | D        | Found Jeofrog's Distillery.
   371 | D        | Found Iciomi's Book Shoppe.
   371 | D        | Found Qiurooniq's Book Boutique.
   373 | D        | Noticed a shining eye
   373 | D        | Noticed a shining eye
   374 | D        | Noticed a shining eye
   376 | D        | Bought a scorched broad axe for 225 gold pieces
   377 | D        | Noticed a flying skull
   378 | D        | Noticed a flying skull
   380 | D        | Noticed a flying skull
   383 | D        | Noticed a hell hog
   384 | D        | Noticed a hell hog
   396 | D        | Noticed a flying skull
   397 | D        | Identified the +8 broad axe of Trauma {freeze, Dex+4} (You bought it in a shop in the Dungeon)
   400 | D        | Noticed a flying skull
   401 | D        | Noticed a flying skull
   401 | D        | Bought the amulet "Hanasez" {RegenMP rPois Str-3 Int+6 Slay+4} for 707 gold pieces
   407 | D        | Killed a flying skull
   407 | D        | Reached skill level 17 in Axes
   410 | D        | Killed a flying skull
   411 | D        | Killed a flying skull
   411 | D        | Received a gift from Trog
   412 | D        | Killed a flying skull
   415 | D        | Killed a flying skull
   415 | D        | Reached skill level 10 in Fighting
   415 | D        | Reached XP level 9. HP: 85/85 MP: 8/8
   416 | D        | Reached skill level 10 in Armour
   468 | D        | Reached skill level 18 in Axes
   579 | D        | Noticed an elephant
   579 | D        | Noticed a centaur warrior
   579 | D        | Noticed Kirke
   579 | D        | Noticed a skeletal warrior
   579 | D        | Noticed a kobold demonologist
   579 | D        | Noticed a yaktaur captain
   581 | D        | Noticed a soul eater
   587 | D        | Noticed a rust devil
   587 | D        | HP: 4/133 [soul eater/drain life[a kobold demonologist] (8)]
   593 | D        | Slain by a yaktaur captain

Skill      XL: |  1  2  3  4  5  6  7  8  9 |
---------------+----------------------------+-----
Axes           | 10 12 15 16 17 18 | 18.0
Fighting       | 5 7 10 11 | 11.1
Armour         | 5 7 9 10 | 10.8
Dodging        | 4 6 8 9 |  9.9

Action                   |  1- 3 |  4- 6 |  7- 9 || total
-------------------------+-------+-------+-------++-------
Melee: Hand axe          |     3 |    24 |    10 ||    37
       Headbutt          |     1 |     5 |     4 ||    10
       Broad axe         |       |       |    10 ||    10
       Battleaxe         |       |       |    21 ||    21
Invok: Berserk           |     1 |     2 |     5 ||     8
  Eat: Chunk             |       |       |     4 ||     4
       Bread ration      |       |       |     1 ||     1
Armor: Animal skin       |       |     1 |       ||     1
Dodge: Dodged            |       |     8 |    15 ||    23
